 Dungeon Sprint DCSS version 0.21.2 (webtiles) character file.

28851 Fang the Executioner (level 13, 0/96 HPs)
             Began as a Gargoyle Berserker on Dec 21, 2018.
             Was a High Priest of Trog.
             Slain by Jory
             ... wielding a +2 great sword of distortion
              (17 damage)
             ... in the Dungeon (Sprint VII: "The Pits").
             The game lasted 00:12:00 (3893 turns).

Fang the Executioner (Gargoyle Berserker)           Turns: 3893, Time: 00:12:00

Health: 0/96       AC: 29    Str: 26    XL:     13   Next: 41%
Magic:  0/13       EV: 12    Int:  8    God:    Trog [*****.]
Gold:   42         SH:  0    Dex: 15    Spells: 12/12 levels left

rFire    + . .     SeeInvis .   I - +3 executioner's axe (venom)
rCold    . . .     Gourm    .   (shield currently unavailable)
rNeg     + . .     Faith    .   E - +1 plate armour of Ofuluoh {rF+}
rPois    ∞         Spirit   +   t - +0 helmet
rElec    +         Reflect  .   (no cloak)
rCorr    .         Harm     .   (no gloves)
MR       .....     NoTele   +   (no boots)
Stlth    ..........             j - amulet of guardian spirit
HPRegen  0.26/turn              o - +3 ring of dexterity
MPRegen  0.13/turn              q - +3 ring of dexterity

@: berserk cooldown
A: negative energy resistance 1, electricity resistance, unbreathing,
petrification resistance, rot immunity, AC +9
a: Berserk, Trog's Hand, Brothers in Arms, Burn Spellbooks, Renounce Religion


You were in the Dungeon.
You worshipped Trog.
Trog was extremely pleased with you.
You were hungry.

You visited 1 branch You collected 42 gold pieces.

Inventory:

Hand Weapons
 b - a +2 antimagic executioner's axe
 m - a +0 hand axe of chopping
 n - a +4 antimagic executioner's axe
 s - a +2 war axe of freezing
 v - a +2 battleaxe of flaming
 D - a +3 battleaxe of chopping
 I - a +3 executioner's axe of venom (weapon)
Armour
 t - a +0 helmet (worn)
 u - a +4 chain mail
 E - the +1 plate armour of Ofuluoh (worn) {rF+}
   (You found it in the Dungeon)

   It protects you from fire.
Jewellery
 j - an amulet of guardian spirit (around neck)
 o - a +3 ring of dexterity (left hand)
 q - a +3 ring of dexterity (right hand)
 B - an uncursed ring of protection from magic
Scrolls
 i - a scroll of blinking
 k - 5 scrolls of remove curse
 l - a scroll of summoning
 x - 4 scrolls of enchant armour
 y - 2 scrolls of fog
 z - 3 scrolls of fear
 A - a scroll of identify
Potions
 a - 2 potions of invisibility
 d - 10 potions of curing
 e - 8 potions of heal wounds
 f - 3 potions of haste
 g - 4 potions of magic
 h - 5 potions of berserk rage
 r - a potion of agility
 C - a potion of might
Books
 p - the Incunabulum of Self-Knowledge
   (You found it in the Dungeon)

   Spells                             Type                      Level
   a - Shroud of Golubria             Charms/Translocation         2
   b - Swiftness                      Charms/Air                   2
   c - Ozocubu's Armour               Charms/Ice                   3
   d - Iskenderun's Battlesphere      Conjuration/Charms           5
   e - Deflect Missiles               Charms/Air                   6
   Trog disapproves of the use of such an item.
Comestibles
 c - 17 rations
 w - 8 chunks of flesh


   Skills:
 + Level 17.3 Fighting
 + Level 21.3 Axes
   Level 6.2 Bows
 + Level 15.6 Armour
 + Level 7.7 Dodging
 + Level 4.3 Stealth


You had 12 spell levels left.
You didn't know any spells.

Dungeon Overview and Level Annotations

Branches:
Dungeon (1/1)

Altars:

Annotations:
D Jory


Innate Abilities, Weirdness & Mutations

You are resistant to torment.
Your stone body is resilient. (AC +9)
You are immune to poison.
You resist negative energy. (rN+)
You are resistant to electric shocks. (rElec)
You can survive without breathing.
You are immune to petrification.
You are immune to rotting.


Message History

You hit Jory.
You feel yourself speed up.
Jory is infused with unholy energy.
Jory draws life force from you and is healed!
You're still recovering from your berserk rage.
You barely miss Jory.
Jory is severely damaged.
Jory is infused with unholy energy.
* * * LOW HITPOINT WARNING * * *
Jory draws life force from you and is healed!
Unknown command.
You closely miss Jory.
Jory is severely damaged.
Jory is infused with unholy energy.
* * * LOW HITPOINT WARNING * * *
Jory draws life force from you and is healed!
Your troll goes berserk!
You are feeling hungry.
Jory hits you with a great sword of distortion!!
You die...

.## #..#. ..... #..#.#
##...########++#####
#......##..........#
#.....)##..V@......#
#.....))'..#†...#..#
#......''..T.......#
#########..........#
###########..#....#..#
.........''..........#
.........''..........#
#########.)##..#....#..#
#.#.#.#.#..##...)......+


You could see Jory and a friendly troll (berserk).

Vanquished Creatures
  A ghost moth (D)
  A daeva (D)
  A fire giant (D)
  A draconian knight (D)
  An ogre mage (D)
  Harold (D)
  A naga warrior (D)
  An alligator (D)
  7 two-headed ogres (D)
  A death yak (D)
  A sixfirhy (D)
  A deep troll (D)
  A spriggan druid (D)
  A sea snake (D)
  An unseen horror (D)
  A lindwurm (D)
  Pikel (D)
  A phantasmal warrior (D)
  2 orc knights (D)
  A salamander (D)
  A cyclops (D)
  An elephant (D)
  A black mamba (D)
  A rust devil (D)
  A guardian serpent (D)
  A freezing wraith (D)
  A rime drake (D)
  An efreet (D)
  A merfolk (D)
  A jumping spider (D)
  2 trolls (D)
  A snapping turtle (D)
  4 blink frogs (D)
  A hippogriff (D)
  A redback (D)
  A wraith (D)
  A fire bat (D)
  A wyvern (D)
  2 steam dragons (D)
  A warg (D)
  2 nagas (D)
  An acid dragon (D)
  A soldier ant (D)
  3 hell hounds (D)
  An ice beast (D)
  3 orc warriors (D)
  A black bear (D)
  A sky beast (D)
  An eye of draining (D)
  A bullfrog (D)
  A killer bee (D)
  A crimson imp (D)
  An iron imp (D)
  An orc wizard (D)
  A worker ant (D)
  2 mummies (D)
  A gnoll (D)
  An adder (D)
  3 river rats (D)
  3 oozes (D)
  4 orcs (D)
  2 ball pythons (D)
  A giant cockroach (D)
  2 hobgoblins (D)
  A giant cockroach simulacrum (D)
  A giant cockroach zombie (D)
  A rat (D)
94 creatures vanquished.

Vanquished Creatures (collateral kills)
  A minotaur (D)
  A green death (D)
  A hydra (D)
  A spriggan druid (D)
  4 hell knights (D)
  An unseen horror (D)
  An orc knight (D)
  A manticore (D)
  A black mamba (D)
  A rust devil (D)
  An eye of devastation (D)
  A gargoyle (D)
  A red devil (D)
  A polar bear (D)
  A tyrant leech (D)
  6 dream sheep (D)
  Sigmund (D)
  A large abomination (D)
  A redback (D)
  A vampire (D)
  A water elemental (D)
  An air elemental (D)
  A ynoxinul (D)
  A neqoxec (D)
  2 chaos spawn (D)
  A fire bat (D)
  3 insubstantial wisps (D)
  2 orc warriors (D)
  Purgy (D)
  A bullfrog (D)
  3 killer bees (D)
  A hound (D)
  An orc wizard (D)
  2 orcs (D)
  A giant cockroach simulacrum (D)
50 creatures vanquished.

Grand Total: 144 creatures vanquished

Notes
Turn   | Place    | Note
-------+----------+-------------------------------------------
     0 | D        | Fang the Gargoyle Berserker began the quest for the Orb.
     0 | D        | Reached XP level 1. HP: 14/14 MP: 1/1
    19 | D        | Reached skill level 3 in Axes
    19 | D        | Reached XP level 2. HP: 11/20 MP: 2/2
   249 | D        | Reached ** piety under Trog
   249 | D        | Reached skill level 4 in Axes
   329 | D        | Reached skill level 5 in Fighting
   329 | D        | Reached XP level 3. HP: 20/26 MP: 3/3
   412 | D        | Reached *** piety under Trog
   539 | D        | Noticed a warg
   540 | D        | Noticed a sky beast
   549 | D        | Killed a warg
   549 | D        | Reached skill level 7 in Axes
   549 | D        | Reached skill level 1 in Stealth
   549 | D        | Reached XP level 4. HP: 34/34 MP: 4/4
   549 | D        | Reached XP level 5. HP: 38/38 MP: 5/5
   550 | D        | Reached **** piety under Trog
   553 | D        | Killed a sky beast
   553 | D        | Reached skill level 8 in Axes
   553 | D        | Reached XP level 6. HP: 44/44 MP: 6/6
   603 | D        | Noticed an ice beast
   625 | D        | Killed an ice beast
   625 | D        | Reached ***** piety under Trog
   625 | D        | Reached skill level 9 in Axes
   625 | D        | Reached skill level 5 in Armour
   630 | D        | Reached XP level 7. HP: 50/50 MP: 7/7
   633 | D        | Noticed a fire bat
   633 | D        | Noticed Pikel
   663 | D        | Killed Pikel
   663 | D        | Received a gift from Trog
   663 | D        | Reached skill level 10 in Fighting
   663 | D        | Reached skill level 11 in Axes
   663 | D        | Reached skill level 5 in Dodging
   663 | D        | Reached XP level 8. HP: 57/57 MP: 8/8
   806 | D        | Noticed Sigmund
   814 | D        | Reached skill level 12 in Axes
   827 | D        | Killed a ghost moth
   827 | D        | Reached skill level 13 in Axes
   827 | D        | Reached XP level 9. HP: 47/64 MP: 0/9
   834 | D        | Killed Sigmund
  1064 | D        | Noticed a sea snake
  1071 | D        | Reached skill level 14 in Axes
  1073 | D        | Killed a sea snake
  1120 | D        | Noticed a two-headed ogre
  1120 | D        | Noticed a phantasmal warrior
  1120 | D        | Noticed a red devil
  1124 | D        | Killed an unseen horror
  1124 | D        | Reached XP level 10. HP: 71/71 MP: 10/10
  1133 | D        | Killed a two-headed ogre
  1133 | D        | Received a gift from Trog
  1133 | D        | Reached skill level 15 in Axes
  1133 | D        | Reached skill level 10 in Armour
  1140 | D        | Killed a phantasmal warrior
  1372 | D        | Noticed a deep troll
  1384 | D        | Killed a deep troll
  1384 | D        | Received a gift from Trog
  1498 | D        | Reached skill level 16 in Axes
  1688 | D        | Noticed a lindwurm
  1699 | D        | Reached XP level 11. HP: 23/77 MP: 11/11
  1701 | D        | Killed a lindwurm
  1701 | D        | Received a gift from Trog
  1956 | D        | Noticed a sixfirhy
  1968 | D        | Killed a sixfirhy
  1985 | D        | Noticed an orc knight
  1996 | D        | Killed an orc knight
  1997 | D        | Reached ****** piety under Trog
  2098 | D        | Received a gift from Trog
  2102 | D        | Noticed Purgy
  2102 | D        | Noticed a manticore
  2111 | D        | Reached skill level 17 in Axes
  2113 | D        | Killed Purgy
  2114 | D        | Received a gift from Trog
  2116 | D        | Killed a manticore
  2122 | D        | Received a gift from Trog
  2416 | D        | Noticed an orc knight
  2426 | D        | Killed an orc knight
  2426 | D        | Received a gift from Trog
  2604 | D        | Noticed Harold
  2612 | D        | Noticed a death yak
  2616 | D        | Killed Harold
  2616 | D        | Reached skill level 18 in Axes
  2619 | D        | Killed a death yak
  2756 | D        | Noticed a cyclops
  2756 | D        | Noticed a salamander
  2757 | D        | Noticed a naga warrior
  2764 | D        | Killed a cyclops
  2764 | D        | Received a gift from Trog
  2769 | D        | Killed a naga warrior
  2769 | D        | Reached XP level 12. HP: 75/86 MP: 2/12
  2923 | D        | Reached skill level 1 in Bows
  2924 | D        | Reached skill level 15 in Fighting
  3119 | D        | Noticed an ogre mage
  3119 | D        | Noticed a two-headed ogre
  3119 | D        | Noticed a two-headed ogre
  3119 | D        | Noticed a two-headed ogre
  3119 | D        | Noticed a two-headed ogre
  3119 | D        | Noticed a two-headed ogre
  3121 | D        | Noticed a two-headed ogre
  3124 | D        | Paralysed by an ogre mage for 2 turns
  3127 | D        | Reached skill level 19 in Axes
  3129 | D        | Killed a two-headed ogre
  3129 | D        | Killed a two-headed ogre
  3133 | D        | Killed an ogre mage
  3133 | D        | Received a gift from Trog
  3133 | D        | Killed a two-headed ogre
  3133 | D        | Reached skill level 5 in Bows
  3134 | D        | Killed a two-headed ogre
  3136 | D        | Killed a two-headed ogre
  3138 | D        | Killed a two-headed ogre
  3467 | D        | Noticed a fire giant
  3467 | D        | Noticed a hell knight
  3467 | D        | Noticed a hell knight
  3467 | D        | Noticed a hell knight
  3475 | D        | Received a gift from Trog
  3476 | D        | Killed a hell knight
  3476 | D        | Received a gift from Trog
  3479 | D        | Killed a hell knight
  3480 | D        | Killed a hell knight
  3480 | D        | Reached skill level 20 in Axes
  3483 | D        | Killed a fire giant
  3483 | D        | Received a gift from Trog
  3500 | D        | Identified the Incunabulum of Self-Knowledge
  3632 | D        | Received a gift from Trog
  3640 | D        | Noticed a minotaur
  3644 | D        | Killed a minotaur
  3644 | D        | Reached XP level 13. HP: 95/95 MP: 4/13
  3645 | D        | Noticed a green death
  3646 | D        | Killed a green death
  3646 | D        | Received a gift from Trog
  3650 | D        | Reached skill level 15 in Armour
  3658 | D        | Received a gift from Trog
  3681 | D        | Received a gift from Trog
  3712 | D        | Got the +1 plate armour of Ofuluoh {rF+}
  3849 | D        | Noticed a purple draconian knight
  3853 | D        | Reached skill level 21 in Axes
  3857 | D        | Noticed a daeva
  3860 | D        | Killed a purple draconian knight
  3860 | D        | Received a gift from Trog
  3864 | D        | Killed a daeva
  3873 | D        | Noticed Jory
  3893 | D        | Slain by Jory

Skill      XL: |  1  2  3  4  5  6  7  8  9 10 11 12 13 |
---------------+----------------------------------------+-----
Fighting       | 4 5 7 8 10 11 12 14 16 17 | 17.3
Axes           | 3 4 7 8 9 11 13 14 16 18 20 21 | 21.3
Dodging        | 2 3 4 5 6 7 |  7.7
Armour         | 4 5 6 8 9 12 13 14 15 | 15.6
Stealth        | 1 2 3 4 |  4.3
Bows           | 6 |  6.2

Action                   |  1- 3 |  4- 6 |  7- 9 | 10-12 | 13-15 || total
-------------------------+-------+-------+-------+-------+-------++-------
Melee: Hand axe          |    30 |    33 |    56 |       |       ||   119
       War axe           |       |       |    10 |    25 |       ||    35
       Battleaxe         |       |       |       |    30 |       ||    30
       Executioner's axe |       |       |       |    82 |    47 ||   129
 Fire: Shortbow          |       |       |       |    13 |       ||    13
Invok: Berserk           |     2 |       |     3 |     4 |     1 ||    10
       Brothers in Arms  |       |       |     1 |     7 |     4 ||    12
  Use: Potion            |       |       |       |     2 |     4 ||     6
 Stab: Sleeping          |     1 |       |       |       |       ||     1
       Distracted        |       |       |       |       |     1 ||     1
  Eat: Chunk             |       |     1 |     2 |    13 |     3 ||    19
       Ration            |       |       |     1 |       |       ||     1
Armor: Animal skin       |    10 |       |       |       |       ||    10
       Chain mail        |     5 |    13 |    60 |   138 |    16 ||   232
       Plate armour      |       |       |       |       |    24 ||    24
Dodge: Dodged            |    21 |    13 |    25 |   124 |    26 ||   209
